MLB
WASHINGTON NATIONALS @ NEW YORK METS
03/11/2068
 
TOP OF THE 1ST
Washington Nationals batting - Pitching for New York Mets : LHP Steve Hoskins
Pitching: LHP Steve Hoskins
Batting: RHB John Jackson 0-0: Foul Ball, location: 2F
0-1: Ball
1-1: Ground out 5-3 (Groundball, 56, EV 83.1 MPH)
Batting: RHB Jason Chene 0-0: Ball
1-0: Fly out, F4 (Line Drive, 4, EV 66.2 MPH)
Batting: RHB Jesse Ebert 0-0: Ball
1-0: Ball
2-0: Ball
3-0: Base on Balls
Batting: LHB Brian Priddy 0-0: Ball
1-0: Ball
2-0: Ball
3-0: Called Strike
3-1: SINGLE (Line Drive, 56, EV 103.1 MPH)
Jesse Ebert to second
Batting: LHB Matt Garrett 0-0: Ball
Wild Pitch!
Jesse Ebert to third
Brian Priddy to second
1-0: 3-RUN HOME RUN (Flyball, 9D, EV 103.8 MPH), Distance : 385 ft
Batting: LHB Johnny Lewis 0-0: Called Strike
0-1: Foul Ball, location: 2F
0-2: SINGLE (Line Drive, 78S, EV 86.9 MPH)
Batting: RHB Zaire Carroll 0-0: Ball
1-0: Ball
2-0: Ball
3-0: Base on Balls
Johnny Lewis to second
Batting: LHB Ryan Stump 0-0: Foul Ball, location: 2F
0-1: Ball
1-1: Ball
2-1: Foul Ball, location: 2F
2-2: Foul Ball, location: 2F
2-2: Ball
3-2: Fly out, F2 (Popup, 25F, EV 93.1 MPH)
Top of the 1st over - 3 runs, 3 hits, 0 errors, 2 left on base; Washington 3 - New York 0
BOTTOM OF THE 1ST
New York Mets batting - Pitching for Washington Nationals : RHP Mike Cimino
Pitching: RHP Mike Cimino
Batting: LHB Justin Riley 0-0: Swinging Strike
0-1: Ball
1-1: Swinging Strike
1-2: Strikes out swinging, 2-3 out at first.
Batting: LHB Patrido Mendoza 0-0: Ball
1-0: SINGLE (Line Drive, 78M, EV 93.1 MPH)
Batting: RHB Dan Latterell 0-0: Ball
1-0: Called Strike
1-1: Ball
Patrido Mendoza is caught stealing 2nd base 2-4
2-1: Ball
3-1: Base on Balls
Batting: RHB Chad Sweeney 0-0: Called Strike
0-1: Foul Ball, location: 2F
0-2: Ball
Dan Latterell steals 2nd base
1-2: Foul Ball, location: 2F
1-2: Fly out, F7 (Flyball, 7, EV 87.5 MPH)
Bottom of the 1st over - 0 runs, 1 hit, 0 errors, 1 left on base; Washington 3 - New York 0
TOP OF THE 2ND
Washington Nationals batting - Pitching for New York Mets : LHP Steve Hoskins
Batting: RHB Sergio Guadiana 0-0: Ball
1-0: Ball
2-0: Ball
3-0: Base on Balls
Batting: RHB John Jackson 0-0: Swinging Strike
Sergio Guadiana is caught stealing 2nd base 2-4
0-1: Ball
1-1: Ball
2-1: Ball
3-1: Called Strike
3-2: Base on Balls
Batting: RHB Jason Chene 0-0: Called Strike
0-1: Grounds into double play, 6-4-3 (Groundball, 56, EV 105.0 MPH)
Top of the 2nd over - 0 runs, 0 hits, 0 errors, 0 left on base; Washington 3 - New York 0
BOTTOM OF THE 2ND
New York Mets batting - Pitching for Washington Nationals : RHP Mike Cimino
Batting: LHB Jonathan Leahy 0-0: Called Strike
0-1: Ball
1-1: Foul Ball, location: 2F
1-2: Ball
2-2: Strikes out swinging
Batting: RHB Jon Cleary 0-0: Fly out, F8 (Flyball, 8LD, EV 86.9 MPH)
Batting: RHB Miguel Leon 0-0: Ball
1-0: Called Strike
1-1: Ball
2-1: Fly out, F7 (Flyball, 78D, EV 106.2 MPH)
Bottom of the 2nd over - 0 runs, 0 hits, 0 errors, 0 left on base; Washington 3 - New York 0
TOP OF THE 3RD
Washington Nationals batting - Pitching for New York Mets : LHP Steve Hoskins
Batting: RHB Jesse Ebert 0-0: Ball
1-0: SINGLE (Flyball, 4MD, EV 81.2 MPH)
Batting: LHB Brian Priddy 0-0: Ball
1-0: Fly out, F7 (Line Drive, 7D, EV 93.1 MPH)
Batting: LHB Matt Garrett 0-0: Ball
1-0: SINGLE (Line Drive, 89S, EV 109.4 MPH)
Jesse Ebert to second
Batting: LHB Johnny Lewis 0-0: Called Strike
0-1: Ball
1-1: Foul Ball, location: 2F
1-2: 3-RUN HOME RUN (Line Drive, 8LXD, EV 116.9 MPH), Distance : 457 ft
Pitching: RHP Alfonso Valdez
Batting: RHB Zaire Carroll 0-0: Ball
1-0: Called Strike
1-1: Ball
2-1: Foul Ball, location: 2F
2-2: Strikes out swinging
Batting: LHB Ryan Stump 0-0: Ground out 6-3 (Groundball, 6, EV 99.4 MPH)
Top of the 3rd over - 3 runs, 3 hits, 0 errors, 0 left on base; Washington 6 - New York 0
BOTTOM OF THE 3RD
New York Mets batting - Pitching for Washington Nationals : RHP Mike Cimino
Batting: RHB Zachary Beier 0-0: Called Strike
0-1: Ball
1-1: Ball
2-1: Fly out, F9 (Flyball, 9S, EV 77.5 MPH)
Batting: RHB Oscar Estrada 0-0: Foul Ball, location: 2F
0-1: SINGLE (Groundball, 25, EV 69.4 MPH) (infield hit)
Batting: LHB Justin Riley 0-0: Ball
1-0: Ball
2-0: Fielders Choice at 2nd, 2-4 (Groundball, 15S, EV 67.5 MPH)
Batting: LHB Patrido Mendoza 0-0: Called Strike
Justin Riley is caught stealing 2nd base 2-6
Bottom of the 3rd over - 0 runs, 1 hit, 0 errors, 0 left on base; Washington 6 - New York 0
TOP OF THE 4TH
Washington Nationals batting - Pitching for New York Mets : RHP Alfonso Valdez
Batting: RHB Sergio Guadiana 0-0: Ball
1-0: Swinging Strike
1-1: Swinging Strike
1-2: Ball
2-2: Ball
3-2: Ground out 6-3 (Groundball, 6, EV 106.2 MPH)
Batting: RHB John Jackson 0-0: Ball
1-0: Foul Ball, location: 2F
1-1: Foul Ball, location: 2F
1-2: Ball
2-2: Foul Ball, location: 2F
2-2: Ball
3-2: Base on Balls
Batting: RHB Jason Chene 0-0: Called Strike
0-1: Foul Ball, location: 2F
0-2: Strikes out swinging
Pitching: RHP Kyle Tranberg
Batting: RHB Jesse Ebert 0-0: Foul Ball, location: 2F
0-1: Ball
1-1: Swinging Strike
1-2: Foul Ball, location: 2F
1-2: Ball
2-2: Strikes out swinging
Top of the 4th over - 0 runs, 0 hits, 0 errors, 1 left on base; Washington 6 - New York 0
BOTTOM OF THE 4TH
New York Mets batting - Pitching for Washington Nationals : RHP Mike Cimino
Batting: LHB Patrido Mendoza 0-0: Ball
1-0: Foul Ball, location: 2F
1-1: Ground out 6-3 (Groundball, 6, EV 86.2 MPH)
Batting: RHB Dan Latterell 0-0: Ball
1-0: Called Strike
1-1: SINGLE (Flyball, 8LS, EV 92.5 MPH)
Batting: RHB Chad Sweeney 0-0: Ball
1-0: Called Strike
1-1: Foul Ball, location: 2F
1-2: Strikes out swinging
Batting: LHB Jonathan Leahy 0-0: Ball
1-0: Ball
2-0: Called Strike
2-1: Ground out 4-3 (Groundball, 4, EV 109.4 MPH)
Bottom of the 4th over - 0 runs, 1 hit, 0 errors, 1 left on base; Washington 6 - New York 0
TOP OF THE 5TH
Washington Nationals batting - Pitching for New York Mets : RHP Kyle Tranberg
Batting: LHB Brian Priddy 0-0: Called Strike
0-1: Foul Ball, location: 2F
0-2: Ball
1-2: Ball
2-2: SINGLE (Groundball, 34D, EV 97.5 MPH)
Batting: LHB Matt Garrett 0-0: Ball
1-0: Ball
2-0: Ball
3-0: Base on Balls
Brian Priddy to second
Batting: LHB Johnny Lewis 0-0: Foul Ball, location: 2F
0-1: Fly out, F7 (Flyball, 78M, EV 96.2 MPH)
Batting: RHB Zaire Carroll 0-0: Grounds into double play, 4-6-3 (Groundball, 4, EV 99.4 MPH)
Top of the 5th over - 0 runs, 1 hit, 0 errors, 1 left on base; Washington 6 - New York 0
BOTTOM OF THE 5TH
New York Mets batting - Pitching for Washington Nationals : RHP Mike Cimino
Pitching: LHP Mark Quick
Batting: RHB Jon Cleary 0-0: Called Strike
0-1: Ball
1-1: Ball
2-1: Ball
3-1: Swinging Strike
3-2: Foul Ball, location: 2F
3-2: Base on Balls
Batting: RHB Miguel Leon 0-0: Called Strike
0-1: Foul Ball, location: 2F
0-2: Ball
1-2: Strikes out looking
Batting: RHB Zachary Beier 0-0: Called Strike
0-1: Foul Ball, location: 2F
0-2: Fly out, F7 (Flyball, 78XD, EV 85.6 MPH)
Batting: RHB Oscar Estrada 0-0: Ball
1-0: Foul Ball, location: 2F
1-1: Foul Ball, location: 2F
1-2: DOUBLE (Line Drive, 7LM, EV 108.8 MPH)
Jon Cleary to third
Batting: LHB Justin Riley 0-0: SINGLE (Groundball, 6D, EV 97.5 MPH)
Jon Cleary scores
Oscar Estrada to third
Runner from 3rd tries for Home, SAFE, throw by CF to home
Pinch Hitting: RHB Victor Ramos 0-0: Called Strike
0-1: Foul Ball, location: 2F
0-2: Ball
1-2: Strikes out swinging
Bottom of the 5th over - 2 runs, 2 hits, 0 errors, 1 left on base; Washington 6 - New York 2
TOP OF THE 6TH
Washington Nationals batting - Pitching for New York Mets : RHP Kyle Tranberg
Now at 2B: Victor Ramos
Batting: LHB Ryan Stump 0-0: Called Strike
0-1: Foul Ball, location: 2F
0-2: Foul Ball, location: 2F
0-2: Strikes out swinging
Pitching: RHP Victor Quezada
Batting: RHB Sergio Guadiana 0-0: Ball
1-0: Ball
2-0: Ball
3-0: Base on Balls
Pinch Hitting: RHB Ricardo Coronel 0-0: Swinging Strike
0-1: Foul Ball, location: 2F
0-2: Foul Ball, location: 2F
0-2: Strikes out swinging
Pinch Hitting: LHB Ryan Levine 0-0: Called Strike
0-1: Swinging Strike
0-2: Fly out, F4 (Flyball, 34D, EV 88.8 MPH)
Top of the 6th over - 0 runs, 0 hits, 0 errors, 1 left on base; Washington 6 - New York 2
BOTTOM OF THE 6TH
New York Mets batting - Pitching for Washington Nationals : LHP Mark Quick
Now at 3B: Ryan Levine
Now at SS: Ricardo Coronel
Batting: RHB Dan Latterell 0-0: Ball
1-0: Called Strike
1-1: SOLO HOME RUN (Line Drive, 7D, EV 102.5 MPH), Distance : 437 ft
Pitching: RHP Daniel Johnson
Batting: RHB Chad Sweeney 0-0: Ball
1-0: Swinging Strike
1-1: Ball
2-1: Fly out, F7 (Flyball, 78XD, EV 93.1 MPH)
Batting: LHB Jonathan Leahy 0-0: Ball
1-0: Swinging Strike
1-1: Swinging Strike
1-2: Strikes out swinging
Pinch Hitting: LHB Alex Fernandez 0-0: Called Strike
0-1: Ball
1-1: Ball
2-1: SINGLE (Line Drive, 34, EV 96.2 MPH)
Batting: RHB Miguel Leon 0-0: Ball
1-0: Called Strike
1-1: Called Strike
1-2: Foul Ball, location: 2F
1-2: Foul Ball, location: 2F
1-2: Ball
2-2: Strikes out swinging
Bottom of the 6th over - 1 run, 2 hits, 0 errors, 1 left on base; Washington 6 - New York 3
TOP OF THE 7TH
Washington Nationals batting - Pitching for New York Mets : RHP Victor Quezada
Now in LF: Françisquo Beja
Pinch Hitting: RHB Dan Malmstrom 0-0: Called Strike
0-1: Swinging Strike
0-2: Ball
1-2: Ball
2-2: Ball
3-2: Base on Balls
Batting: LHB Brian Priddy 0-0: Called Strike
0-1: Fielders Choice at 2nd, 1-6 (Groundball, 13, EV 73.1 MPH)
Batting: LHB Matt Garrett 0-0: Ball
Brian Priddy steals 2nd base (no throw)
1-0: Ground out U3 (Groundball, 3, EV 88.1 MPH)
Brian Priddy to third
Pitching: RHP Paul Dragone
Batting: LHB Johnny Lewis 0-0: 2-RUN HOME RUN (Flyball, 78XD, EV 115.0 MPH), Distance : 463 ft
Batting: RHB Zaire Carroll 0-0: Swinging Strike
0-1: Ground out 6-3 (Groundball, 6MD, EV 81.9 MPH)
Top of the 7th over - 2 runs, 1 hit, 0 errors, 0 left on base; Washington 8 - New York 3
BOTTOM OF THE 7TH
New York Mets batting - Pitching for Washington Nationals : RHP Daniel Johnson
Now in RF: Dan Malmstrom
Batting: RHB Zachary Beier 0-0: Foul Ball, location: 2F
0-1: Ball
1-1: Fly out, F9 (Flyball, 89D, EV 108.1 MPH)
Batting: RHB Oscar Estrada 0-0: Ball
1-0: Ground out 4-3 (Groundball, 34, EV 108.1 MPH)
Pinch Hitting: SHB Raul Campos 0-0: Ball
1-0: Called Strike
1-1: Ball
2-1: Ball
3-1: Called Strike
3-2: Base on Balls
Batting: RHB Victor Ramos 0-0: Ball
1-0: Ground out 5-3 (Groundball, 5S, EV 70.0 MPH)
Bottom of the 7th over - 0 runs, 0 hits, 0 errors, 1 left on base; Washington 8 - New York 3
TOP OF THE 8TH
Washington Nationals batting - Pitching for New York Mets : RHP Paul Dragone
Now in LF: Raul Campos
Batting: LHB Ryan Stump 0-0: Called Strike
0-1: Ball
1-1: Called Strike
1-2: Ball
2-2: Foul Ball, location: 2F
2-2: Ball
3-2: Base on Balls
Batting: RHB Sergio Guadiana 0-0: Foul Ball, location: 2F
0-1: Ball
1-1: Ball
2-1: Foul Ball, location: 2F
2-2: Ball
3-2: Foul Ball, location: 2F
3-2: Strikes out looking and he ARGUES THE CALL AND IS TOSSED!
Batting: RHB Ricardo Coronel 0-0: Called Strike
0-1: Swinging Strike
0-2: Foul Ball, location: 2F
0-2: Ball
1-2: Ball
2-2: Strikes out swinging
Pitching: RHP Justin Niang
Batting: LHB Ryan Levine 0-0: Ball
1-0: Ball
2-0: Called Strike
2-1: Fielders Choice at 2nd, 6-4 (Groundball, 6, EV 85.6 MPH)
Top of the 8th over - 0 runs, 0 hits, 0 errors, 1 left on base; Washington 8 - New York 3
BOTTOM OF THE 8TH
New York Mets batting - Pitching for Washington Nationals : RHP Daniel Johnson
Now at 2B: Guillermo Torres
Pinch Hitting: LHB Mike Lumbley 0-0: Ball
1-0: Foul Ball, location: 2F
1-1: SINGLE (Flyball, 6D, EV 84.4 MPH)
Pinch Hitting: SHB Edgar Saenz 0-0: Called Strike
0-1: Fly out, F8 (Flyball, 8RD, EV 82.5 MPH)
Pitching: RHP Ivan Alfaro
Batting: RHB Alex Ramirez 0-0: Ball
1-0: Ground out U3 (Groundball, 34S, EV 74.4 MPH)
Mike Lumbley to second
Batting: RHB Françisquo Beja 0-0: Called Strike
0-1: Ball
1-1: Ball
2-1: SINGLE (Groundball, 34D, EV 95.0 MPH)
Mike Lumbley to third
Runner from 3rd tries for Home, SAFE, throw by RF to home
Batting: RHB Miguel Leon 0-0: Called Strike
0-1: DOUBLE (Line Drive, 9LS, EV 108.8 MPH)
Françisquo Beja to third
Runner from 3rd tries for Home, SAFE, throw by RF to home
Pitching: RHP Josh Burkhart
Batting: RHB Zachary Beier 0-0: Foul Ball, location: 2F
0-1: Swinging Strike
0-2: Ball
1-2: Strikes out swinging
Bottom of the 8th over - 2 runs, 3 hits, 0 errors, 1 left on base; Washington 8 - New York 5
TOP OF THE 9TH
Washington Nationals batting - Pitching for New York Mets : RHP Justin Niang
Now at 1B: Mike Lumbley
Now at 3B: Edgar Saenz
Batting: RHB Dan Malmstrom 0-0: Called Strike
0-1: Foul Ball, location: 2F
0-2: Foul Ball, location: 2F
0-2: Foul Ball, location: 2F
0-2: Ball
1-2: Ball
2-2: Foul Ball, location: 2F
2-2: Ball
3-2: Strikes out looking
Batting: LHB Brian Priddy 0-0: Called Strike
0-1: Foul Ball, location: 2F
0-2: Foul Ball, location: 2F
0-2: Ball
1-2: DOUBLE (Groundball, 5L, EV 101.2 MPH)
Batting: LHB Matt Garrett 0-0: Ball
1-0: Ball
2-0: Ball
3-0: Called Strike
3-1: Base on Balls
Pitching: LHP Alvin Adams
Batting: LHB Johnny Lewis 0-0: Ball
1-0: Ball
2-0: Ball
3-0: Base on Balls
Brian Priddy to third
Matt Garrett to second
Batting: RHB Zaire Carroll 0-0: Ball
1-0: Called Strike
1-1: Foul Ball, location: 2F
1-2: Ball
2-2: Foul Ball, location: 2F
2-2: Strikes out looking
Batting: LHB Ryan Stump 0-0: Called Strike
0-1: Ball
1-1: Swinging Strike
1-2: Foul Ball, location: 2F
1-2: Foul Ball, location: 2F
1-2: Ball
2-2: Fly out, F7 (Flyball, 7, EV 95.0 MPH)
Top of the 9th over - 0 runs, 1 hit, 0 errors, 3 left on base; Washington 8 - New York 5
BOTTOM OF THE 9TH
New York Mets batting - Pitching for Washington Nationals : RHP Josh Burkhart
Pinch Hitting: RHB Nick Parton 0-0: Ground out 5-3 (Groundball, 56, EV 108.1 MPH)
Batting: SHB Raul Campos 0-0: Ball
1-0: Called Strike
1-1: Called Strike
1-2: Foul Ball, location: 2F
1-2: Ball
2-2: Foul Ball, location: 2F
2-2: Ball
3-2: Base on Balls
Batting: RHB Victor Ramos 0-0: Foul Ball, location: 2F
0-1: Foul Ball, location: 2F
0-2: Fielders Choice at 2nd, 4-6 (Groundball, 4, EV 84.4 MPH)
Batting: LHB Mike Lumbley 0-0: Swinging Strike
0-1: Swinging Strike
0-2: Ball
1-2: Ball
2-2: Strikes out looking
Bottom of the 9th over - 0 runs, 0 hits, 0 errors, 1 left on base; Washington 8 - New York 5
Friday, June 4th , 2021 - OOTP Baseball 22.5 Build 54